 Dungeon Crawl Stone Soup version 0.28.0-43-g3370ac3207 (webtiles) character file.

Game seed: 10091650758350186373

15238 AwesomestEgon the Cleaver (level 11, -1/101 HPs)
             Began as a Minotaur Fighter on Mar 28, 2022.
             Slain by a six-headed hydra (7 damage)
             ... on level 1 of the Swamp on Mar 29, 2022.
             The game lasted 01:42:50 (14791 turns).

AwesomestEgon the Cleaver (Minotaur Fighter)       Turns: 14791, Time: 01:42:50

Health: -1/101     AC: 18    Str: 28    XL:     11   Next: 99%
Magic:  0/10       EV:  7    Int:  5    God:
Gold:   391        SH: 10    Dex: 11    Spells: 10/10 levels left

rFire   + . .      SeeInvis .   p - +2 hunting sling (freeze)
rCold   . . .      Faith    .   O - +0 kite shield
rNeg    . . .      Spirit   .   W - +0 plate armour
rPois   .          Reflect  .   (helmet restricted)
rElec   .          Harm     .   (no cloak)
rCorr   .          Rampage  .   k - +1 pair of gloves
Will    .....                   o - +0 pair of boots
Stlth   ..........              (no amulet)
HPRegen 0.26/turn               T - +6 ring of strength
MPRegen 0.12/turn               U - ring of protection from fire

@: lethally poisoned (-1 -> -12), slowed, very slow
A: horns 2, retaliatory headbutt, claws 1, weak 1, MP-powered wands
a: no special abilities


You were on level 1 of the Swamp.
You visited 3 branches of the dungeon, and saw 13 of its levels.

You collected 681 gold pieces.
You spent 290 gold pieces at shops.

Inventory:

Hand Weapons
 n - a +4 dagger
 p - a +2 hunting sling of freezing (weapon)
 s - the +7 scimitar "Edis" {flame, rF+ rC+++ rN+ MP-9}
   (You found it on level 1 of the Lair of Beasts)

   It burns those it strikes, dealing additional fire damage.
   Big, fiery blades are also staple armaments of hydra-hunters.
   rF:        It protects you from fire.
   rC:        It renders you almost immune to cold.
   rN:        It protects you from negative energy.
   MP:        It affects your magic capacity (-9).
 x - a +3 dagger of venom
 I - a +3 battleaxe
 L - a +2 spear of flaming
 Y - a +4 spectral war axe
Missiles
 a - 5 atropa-tipped darts
 e - 316 stones (quivered ammo)
 i - 186 arrows
 j - 89 bolts
 A - a curare-tipped dart
 D - 5 boomerangs of dispersal
 E - 4 boomerangs
 K - 36 poisoned darts
 R - 5 large rocks
Armour
 c - a +0 helmet
 k - a +1 pair of gloves (worn)
 o - a +0 pair of boots (worn)
 B - +0 steam dragon scales
 O - a +0 kite shield (worn)
 W - a +0 plate armour (worn)
Magical Staves
 q - a staff of poison
 X - a staff of fire
Jewellery
 g - an amulet of magic regeneration
 T - a +6 ring of strength (left hand)
 U - a ring of protection from fire (right hand)
Wands
 h - a wand of iceblast (3)
 t - a wand of acid (9)
Scrolls
 d - 5 scrolls of amnesia
 f - a scroll of noise
 l - a scroll of fear
 w - a scroll of teleportation
 y - a scroll of holy word
 z - a scroll of silence
 C - 2 scrolls of vulnerability
Potions
 m - a potion of haste
 r - 2 potions of attraction
 u - 2 potions of brilliance
 v - a potion of degeneration
 G - a potion of flight
 P - a potion of mutation
Miscellaneous
 b - a condenser vane (inert)
 F - a piece from Xom's chessboard (15/15)


   Skills:
 + Level 10.5 Fighting
 + Level 5.6 Long Blades
 + Level 10.9 Axes
 + Level 1.0 Staves
 + Level 9.9(10.1) Slings
 + Level 2.9(6.4) Throwing
 + Level 10.8 Armour
 + Level 3.9 Dodging
 + Level 1.8 Stealth
 + Level 7.6 Shields
 + Level 0.9 Evocations


You had 10 spell levels left.
You didn't know any spells.
Your spell library contained the following spells:

 Spells                   Type           Power      Damage    Failure   Level
 Corpse Rot               Necr/Air       0%         N/A       100%        2
 Lesser Beckoning         Tloc           0%         N/A       100%        3
 Ozocubu's Armour         Ice            0%         N/A       100%        3
 Dispel Undead            Necr           0%         3d6       100%        4
 Leda's Liquefaction      Hex/Erth       0%         N/A       100%        4
 Summon Ice Beast         Ice/Summ       0%         N/A       100%        4
 Lee's Rapid Deconstruct  Erth           0%         3d5*      100%        5
 Summon Mana Viper        Hex/Summ       0%         N/A       100%        5
 Death Channel            Necr           0%         N/A       100%        6
 Statue Form              Tmut/Erth      0%         N/A       100%        6
 Monstrous Menagerie      Summ           0%         N/A       100%        7


Dungeon Overview and Level Annotations

Branches:
Dungeon (10/15)            Temple (0/1) D:6            Lair (2/6) D:10
  Swamp (1/4) Lair:2
  Snake: Lair:2-4    Spider: Lair:2-4       Orc: D:9-12

Altars:
Cheibriados
Elyvilon
Fedhas
Gozag
Makhleb
Okawaru
Qazlal
Trog
Uskayaw
Wu Jian

Shops:
D:2 *   D:8 =   D:9 [   D:10 *


Innate Abilities, Weirdness & Mutations

You have a pair of horns on your head.
You reflexively headbutt those who attack you in melee.
You have sharp fingernails.
You are weak. (Str -2)
You expend magic power (3 MP) to strengthen your wands.


Message History

The mass of ice explodes!
The iceblast engulfs the six-headed hydra!
The six-headed hydra is lightly wounded.
The iceblast engulfs the spriggan!
The spriggan is almost dead.
The iceblast engulfs the spriggan rider!
The spriggan rider is moderately wounded.
You feel very sick.
You hear a shout!
An eleionoma comes into view.
The spriggan rider hits you but does no damage.
The spriggan hits you but does no damage.
The spriggan rider throws a curare-tipped dart.
The curare-tipped dart hits you.
You are more poisoned.
You have difficulty breathing.
You feel as though you will be slow longer.
The spriggan hits you from afar with a +0 spear.
Aiming: Iceblast
Press: ? - help, Q - select action, (/) - cycle Shift-Dir - straight line The mass of ice explodes!
The iceblast engulfs the spriggan!
You kill the spriggan!
You hear a splash.
The iceblast engulfs the spriggan rider!
The spriggan rider is heavily wounded.
The iceblast engulfs the six-headed hydra!
The six-headed hydra is moderately wounded.
You feel very sick.
You hear a shout!
The six-headed hydra bites you but does no damage.
The six-headed hydra barely misses you. The six-headed hydra bites you!
* * * LOW HITPOINT WARNING * * *
The six-headed hydra bites you.
* * * LOW HITPOINT WARNING * * *
The six-headed hydra bites you but does no damage. x2
The spriggan rider hits you but does no damage.
The six-headed hydra bites you!
* * * LOW HITPOINT WARNING * * *
The six-headed hydra bites you!
You die...

≈≈.≈≈...≈≈≈..♣
≈.≈≈..≈≈≈≈.≈♣ ≈♣♣
.....≈≈§≈.♣♣
(.≈≈♣♣♣♣≈.≈≈≈R≈..♣
((≈≈♣≈≈ ♣.≈≈≈≈≈..♣
≈§≈.... ♣≈....♣..♣♣
§≈...i≈♣♣.....≈≈.≈♣
≈≈..().D.≈≈.≈♣≈....
.♣..(.@≈≈†.♣♣ .≈≈
♣.≈≈)..§≈≈♣ . §
♣♣≈≈≈....<♣♣...♣
♣.≈≈≈.......≈...♣
♣≈≈≈≈≈.......≈≈♣♣♣
♣♣[≈≈......≈≈..♣
.≈...≈..≈..≈≈..♣
..♣♣≈≈♣...§≈≈..♣
♣♣♣≈≈...§§..♣


You could see an eleionoma, a six-headed hydra and a spriggan rider.

Vanquished Creatures
  A hydra (Lair:1)
  Erica (D:8)
  Pikel (D:6)
  A bog body (Lair:2)
  A cyclops (D:10)
  A black mamba (Lair:2)
  4 cane toads
  An unseen horror (D:10)
  8 blink frogs (Lair:2)
  3 hornets
  2 spriggans (Swamp:1)
  2 wyverns
  23 yaks
  2 steam dragons
  2 wargs (D:10)
  3 water moccasins (Lair:1)
  A swamp drake (Swamp:1)
  2 orc warriors (D:10)
  An ice beast (D:6)
  A hornet zombie (D:9)
  3 necrophages
  2 black bears
  5 wolves (Lair:2)
  5 centaurs
  4 lemures (D:6)
  3 kobold brigands
  5 bullfrogs
  3 gnoll sergeants
  12 killer bees (D:7)
  8 wights
  A centaur zombie (D:7)
  2 hounds (D:4)
  A bullfrog zombie (D:6)
  4 orc priests
  A gnoll shaman (D:8)
  A centaur skeleton (D:4)
  Ijyb (D:4)
  An iguana (D:6)
  12 orc wizards
  4 adders
  22 gnolls
  A howler monkey zombie (D:8)
  2 shadow imps
  5 ufetubi
  2 worms
  A dart slug (D:4)
  50 orcs
  7 ball pythons
  3 bats
  7 endoplasms
  3 giant cockroaches
  9 goblins
  7 hobgoblins
  2 quokkas
  5 frilled lizards
  23 kobolds
  6 rats
294 creatures vanquished.

Vanquished Creatures (others)
  43 fungi
  5 plants
48 creatures vanquished.

Grand Total: 342 creatures vanquished

Notes
Turn   | Place    | Note
-------+----------+-------------------------------------------
     0 | D:1      | AwesomestEgon the Minotaur Fighter began the quest for the
                  | Orb.
     0 | D:1      | Reached XP level 1. HP: 19/19 MP: 0/0
   196 | D:1      | Reached XP level 2. HP: 26/27 MP: 1/1
   402 | D:1      | Reached XP level 3. HP: 33/33 MP: 2/2
  1075 | D:2      | Found Uto Niuc's General Store.
  1086 | D:2      | Bought a potion of curing for 30 gold pieces
  1086 | D:2      | Bought a potion of curing for 30 gold pieces
  1177 | D:2      | Found a bloodstained altar of Trog.
  1251 | D:2      | Found a faded altar of an unknown god.
  1778 | D:2      | Bought 2 scrolls of identify for 40 gold pieces
  1780 | D:2      | Gained mutation: You have sharp toenails. [potion of
                  | mutation]
  1780 | D:2      | Gained mutation: Your muscles are strong. (Str +2) [potion
                  | of mutation]
  1780 | D:2      | Gained mutation: You sometimes lose the ability to read
                  | scrolls when taking damage. [potion of mutation]
  1875 | D:3      | Reached skill level 1 in Throwing
  2153 | D:3      | Reached XP level 4. HP: 41/41 MP: 3/3
  2746 | D:3      | Found a burning altar of Makhleb.
  2787 | D:3      | Reached XP level 5. HP: 15/47 MP: 4/4
  3659 | D:4      | Reached skill level 5 in Fighting
  3673 | D:4      | Noticed Ijyb
  3683 | D:4      | Killed Ijyb
  3684 | D:4      | Reached XP level 6. HP: 56/56 MP: 5/5
  3855 | D:4      | Found a stormy altar of Qazlal.
  3952 | D:4      | Reached skill level 5 in Armour
  4582 | D:4      | Found an ornate altar of the Wu Jian Council.
  4898 | D:5      | Entered Level 5 of the Dungeon
  4911 | D:5      | Reached skill level 1 in Axes
  5055 | D:5      | Reached skill level 1 in Dodging
  5055 | D:5      | Reached XP level 7. HP: 57/61 MP: 6/6
  6101 | D:6      | Noticed Pikel
  6113 | D:6      | Killed Pikel
  6114 | D:6      | Reached skill level 5 in Shields
  6114 | D:6      | Reached XP level 8. HP: 70/70 MP: 7/7
  6464 | D:6      | Reached skill level 5 in Axes
  6547 | D:6      | Found a staircase to the Ecumenical Temple.
  7261 | D:7      | Reached XP level 9. HP: 56/78 MP: 8/8
  7476 | D:7      | Reached skill level 5 in Slings
  7485 | D:7      | Reached skill level 1 in Stealth
  7517 | D:7      | Lost mutation: Your muscles are strong. (Str +2) [potion of
                  | mutation]
  7517 | D:7      | Lost mutation: You have sharp toenails. [potion of
                  | mutation]
  7517 | D:7      | Lost mutation: You sometimes lose the ability to read
                  | scrolls when taking damage. [potion of mutation]
  7517 | D:7      | Gained mutation: You are weak. (Str -2) [potion of
                  | mutation]
  7517 | D:7      | Gained mutation: You have sharp fingernails. [potion of
                  | mutation]
  7517 | D:7      | Gained mutation: You expend magic power (3 MP) to
                  | strengthen your wands. [potion of mutation]
  7667 | D:7      | Found a hide-covered altar of Uskayaw.
  7799 | D:7      | Found an opulent altar of Gozag.
  8472 | D:8      | Reached skill level 1 in Staves
  8533 | D:8      | Found a flagged portal.
  8550 | D:8      | Noticed Erica
  8565 | D:8      | Killed Erica
  9020 | D:8      | Found Yritu's Jewellery Boutique.
  9210 | D:8      | Found a blossoming altar of Fedhas.
  9265 | D:8      | Found an iron altar of Okawaru.
  9382 | D:9      | Found a white marble altar of Elyvilon.
  9615 | D:9      | Reached XP level 10. HP: 82/88 MP: 9/9
 10133 | D:9      | Found Evagg's Armour Emporium.
 10281 | D:9      | Got the Grimoire of the Snowflakes and Translocation
 10649 | D:10     | Entered Level 10 of the Dungeon
 10830 | D:10     | Noticed a cyclops
 10836 | D:10     | Killed a cyclops
 10919 | D:10     | Found a snail-covered altar of Cheibriados.
 10995 | D:10     | Found Ygucotet's Assorted Antiques.
 11025 | D:10     | Bought a tubular silver ring for 95 gold pieces
 11025 | D:10     | Bought a sapphire ring for 95 gold pieces
 11083 | D:10     | Found a staircase to the Lair.
 11720 | Lair:1   | Entered Level 1 of the Lair of Beasts
 12138 | Lair:1   | Noticed a cane toad
 12142 | Lair:1   | Noticed a cane toad
 12146 | Lair:1   | Noticed a seven-headed hydra
 12147 | Lair:1   | Killed a cane toad
 12148 | Lair:1   | Reached XP level 11. HP: 97/97 MP: 6/10
 12329 | Lair:1   | Killed a nine-headed hydra
 12995 | Lair:1   | Identified the +7 scimitar "Edis" {flame, rF+ rC+++ rN+
                  | MP-9}
 13024 | Lair:2   | Reached skill level 10 in Axes
 13113 | Lair:2   | Reached skill level 5 in Long Blades
 13331 | Lair:2   | Reached skill level 10 in Armour
 13602 | Lair:2   | Reached skill level 10 in Fighting
 13878 | Lair:2   | Found a staircase to the Swamp.
 13878 | Lair:2   | Noticed a bog body
 13891 | Lair:2   | Killed a bog body
 14740 | Swamp:1  | Entered Level 1 of the Swamp
 14747 | Swamp:1  | Noticed a spriggan rider
 14779 | Swamp:1  | Noticed a spriggan rider
 14779 | Swamp:1  | Noticed a spriggan rider
 14786 | Swamp:1  | Noticed a six-headed hydra
 14790 | Swamp:1  | Noticed an eleionoma
 14791 | Swamp:1  | Slain by a six-headed hydra

Illustrated notes

Levels and vault maps discovered:
D:1:      psy_arrival_heroes, layout_basic, serial_bayou_pond_b, minivault_25
D:2:      layout_loops_cross, serial_shops, nicolae_shop_statue_plus,
          basic_ecumenical_altar, basic_altar
D:3:      layout_loops_ring, mainiacjoe_overflow_24_doors
D:4:      layout_gridville, mainiacjoe_overflow_alcove_1, amcnicky_altar_gilded,
          uniq_ijyb
D:5:      layout_basic, serial_aquarium, aquarium_bridge_straight
          [aquarium_subvault_bridge, aquarium_subvault_wall,
          aquarium_subvault_bridge, aquarium_subvault_wall], aquarium_window_1,
          aquarium_window_corridor_3, aquarium_view_2b, aquarium_view_2a,
          aquarium_pool_corner, serial_bayou_crossing
D:6:      layout_basic, minmay_temple_entry_glassed_door, hex_medium, uniq_pikel
D:7:      layout_basic, mainiacjoe_overflow_cross_hatched, grunt_gozag_statues
D:8:      layout_basic, old_standard_altar, lemuel_doored_altar, serial_shops,
          kennysheep_little_box, enter_bailey_5, uniq_erica
D:9:      layout_loops_ring, nicolae_elyvilon_peaceful_grove, serial_shops, shop
D:10:     layout_irregular_city, kennysheep_mini_moat,
          erik_lair_orcish_takeover, serial_shops,
          nicolae_shop_advertising_works [nicolae_subvault_shop_adworks],
          serial_co_window_serial, co_window_of_opportunity_a,
          co_window_of_opportunity_a, co_window_paths_b, co_window_corner_a,
          co_window_of_opportunity_a, co_window_paths_a, co_window_corner_a,
          co_window_paths_a, co_window_paths_b, co_window_corner_cb,
          co_window_of_opportunity_b, co_window_of_opportunity_b,
          co_window_unsneaky_path_a, co_window_of_opportunity_c,
          co_window_of_opportunity_b, co_window_of_opportunity_b,
          co_window_4corner_a, glass_columns_a, minmay_misc_feat_alley,
          chequers_serial_rivers_small_3
Lair:1:   layout_long_grid, grunt_megastairs_2, infiniplex_staircase_pool,
          lemuel_fruit_tree, serial_bayou_shore_b
Lair:2:   layout_chaotic_city, skrybe_swamp_entry_bodies, wad_woods_road_05
Swamp:1:  layout_basic_swamp, evilmike_swamp_ruin_house_1, swamp_pool5

Skill      XL: |  1  2  3  4  5  6  7  8  9 10 11 |
---------------+----------------------------------+-----
Fighting       | 4 5 6 7 9 10 | 10.5
Armour         | 4 5 6 7 8 10 | 10.8
Shields        | 4 5 6 7 |  7.6
Long Blades    | 3 4 5 |  5.6
Throwing       | 1 2 |  2.9
Axes           | 2 4 5 7 9 10 | 10.9
Dodging        | 1 2 3 |  3.9
Slings         | 3 4 7 8 9 |  9.9
Stealth        | 1 |  1.8
Staves         | 1 |  1.0
Evocations     | |  0.9

Action                   |  1- 3 |  4- 6 |  7- 9 | 10-12 || total
-------------------------+-------+-------+-------+-------++-------
Melee: Long sword        |    67 |    42 |       |       ||   109
       Headbutt          |    12 |    19 |    23 |    41 ||    95
       War axe           |    13 |    46 |   166 |   159 ||   384
       Kick              |     1 |    10 |       |       ||    11
       Staff             |       |    10 |     5 |       ||    15
       Scimitar          |       |       |       |    19 ||    19
 Fire: Hunting sling     |       |     1 |   149 |   169 ||   319
Throw: Stone             |    95 |    58 |     6 |       ||   159
Evoke: Wand              |       |     1 |       |     9 ||    10
       Condenser vane    |       |       |       |     1 ||     1
  Use: Potion            |     2 |     4 |     7 |    10 ||    23
       Scroll            |     2 |     5 |     9 |     8 ||    24
Armor: Scale mail        |    33 |    46 |   124 |    65 ||   268
       Plate armour      |       |       |       |    87 ||    87
Dodge: Dodged            |    28 |    51 |   116 |    94 ||   289
Block: Buckler           |    14 |    12 |    59 |    16 ||   101
       Kite shield       |       |       |       |    93 ||    93
